 Dungeon Crawl Stone Soup version 0.27-a0-445-gbe96e517c0 (webtiles) character file.

Game seed: 11855610118503315135

12572 Gaff the Covert (level 12, -3/60 HPs)
             Began as a Kobold Brigand on Feb 26, 2021.
             Was a Follower of Uskayaw.
             Killed from afar by a wretched star (12 damage)
             ... with a lance of force
             ... on level 2 of the Abyss on Feb 27, 2021.
             The game lasted 00:53:22 (14877 turns).

Gaff the Covert (Kobold Brigand)                   Turns: 14877, Time: 00:53:23

Health: -3/60      AC:  8    Str:  8 (10) XL:     12   Next: 21%
Magic:  12/12      EV: 26    Int:  9      God:    Uskayaw [*.....]
Gold:   647        SH:  0    Dex: 21      Spells: 11/11 levels left

rFire    . . .     SeeInvis .   O - +1 dagger (drain)
rCold    . . .     Faith    .   v - +0 buckler
rNeg     . . .     Spirit   .   X - +0 steam dragon scales
rPois    .         Reflect  +   t - +0 helmet
rElec    .         Harm     .   c - +0 cloak
rCorr    .         Rampage  .   o - +0 pair of gloves
Will     +....                  L - +0 pair of boots
Stlth    +++.......             U - amulet of reflection
HPRegen  0.20/turn              G - +6 ring of strength
MPRegen  0.13/turn              Y - ring of willpower

@: confused
A: small, [blurry vision 3], deformed body, [deterioration 2], [dopey 2], [frail
2], nightstalker 3, screaming 1[+2], [weak 2]
a: Renounce Religion, Stomp


You were on level 2 of the Abyss.
You worshipped Uskayaw.
Uskayaw was noncommittal.
You visited 2 branches of the dungeon, and saw 14 of its levels.
You visited the Abyss 1 time.

You collected 647 gold pieces.

Inventory:

Hand Weapons
 a - a +2 dagger
 B - a +1 dagger of venom
 J - a +3 flail
 N - a +1 flail of protection
 O - a +1 dagger of draining (weapon)
Missiles
 d - 111 poisoned darts (quivered)
 e - 2 curare-tipped darts
 n - 358 stones
Armour
 b - a +0 robe
 c - a +0 cloak (worn)
 g - a +0 leather armour
 o - a +0 pair of gloves (worn)
 s - a +0 ring mail
 t - a +0 helmet (worn)
 v - a +0 buckler (worn)
 H - a +3 leather armour
 L - a +0 pair of boots (worn)
 X - +0 steam dragon scales (worn)
Jewellery
 p - a ring of ice
 G - a +6 ring of strength (left hand)
 R - a ring of resist corrosion
 U - an amulet of reflection (around neck)
 Y - a ring of willpower (right hand)
Wands
 y - a wand of flame (6)
 E - a wand of paralysis (19)
 I - a wand of acid (13)
 K - a wand of random effects (24)
 S - a wand of mindburst (5)
 W - a wand of digging (1)
Scrolls
 h - 2 scrolls of fog {unknown}
 j - 4 scrolls of enchant weapon {unknown}
 k - 4 scrolls of random uselessness {unknown}
 l - 2 scrolls of brand weapon {unknown}
 q - 10 scrolls of identify {unknown}
 r - 2 scrolls of immolation {unknown}
 w - 3 scrolls of teleportation
 x - 2 scrolls of noise {unknown}
 D - 4 scrolls of amnesia {unknown}
 M - a scroll of blinking {unknown}
 Q - a scroll of vulnerability {unknown}
 T - a scroll of fear {unknown}
Potions
 f - 3 potions of attraction {unknown}
 i - 2 potions of curing
 m - 2 potions of haste
 u - 2 potions of lignification
 z - a potion of cancellation
 A - a potion of might {unknown}
 C - 2 potions of brilliance {unknown}
 F - a potion of magic {unknown}
 V - a potion of flight {unknown}
Miscellaneous
 P - a box of beasts


   Skills:
 + Level 8.7 Fighting
 + Level 9.3 Short Blades
 + Level 2.6 Throwing
 + Level 5.4 Armour
 + Level 11.4 Dodging
 + Level 13.1 Stealth
 + Level 4.5 Shields
 + Level 1.1 Evocations


You had 11 spell levels left.
You didn't know any spells.
Your spell library contained the following spells:

 Spells                   Type           Power        Failure   Level
 Animate Skeleton         Necr           0%           41%         1
 Apportation              Tloc           0%           41%         1
 Pain                     Necr           0%           41%         1
 Summon Small Mammal      Summ           0%           41%         1
 Blink                    Tloc           N/A          54%         2
 Call Imp                 Summ           0%           54%         2
 Sublimation of Blood     Necr           0%           54%         2
 Call Canine Familiar     Summ           0%           78%         3
 Lesser Beckoning         Tloc           0%           78%         3
 Portal Projectile        Hex/Tloc       0%           78%         3
 Summon Guardian Golem    Hex/Summ       0%           78%         3
 Summon Ice Beast         Ice/Summ       0%           99%         4
 Summon Lightning Spire   Summ/Air       0%           99%         4
 Malign Gateway           Summ/Tloc      0%           100%        7


Dungeon Overview and Level Annotations

Branches:
Dungeon (13/15)            Temple (1/1) D:7
   Lair: D:8-11         Orc: D:9-12      Vaults: D:13-14

Altars:
Ashenzari
Cheibriados
Dithmenos
Elyvilon
Fedhas
Gozag
Hepliaklqana
Kikubaaqudgha
Makhleb
Nemelex Xobeh
Okawaru
Qazlal
Ru
Sif Muna
Trog
Uskayaw
Vehumet
Wu Jian
Xom
Yredelemnul
The Shining One

Shops:
D:4 [   D:7 *

Annotations:
D:6 exclusion: Grinder
D:7 Menkaure
D:8 1 exclusion
D:13 endorz's ghost, journeyman TrFi


Innate Abilities, Weirdness & Mutations

You are small and have problems with some larger weapons.
You are completely attuned to the shadows.
Armour fits poorly on your strangely shaped body.
[Scrolls take you much longer to read.]
[Your body often deteriorates upon taking damage.]
[You are very dopey. (Int -4)]
[You are very frail. (-20% HP)]
[You frequently scream uncontrollably at your foes.]
[You are very weak. (Str -4)]


Message History

You bump into the rock wall.
The small abomination completely misses you.
The golden eye blinks at you. You resist with some effort.
The small abomination misses you.
The wretched star glows turbulently.
The lance of force misses you.
You're too confused to move!
The golden eye blinks at you. You resist with some effort.
The small abomination misses you.
You bump into the stone wall.
The small abomination hits you.
* * * LOW HITPOINT WARNING * * *
The golden eye blinks at you. You resist with almost no effort.
The wretched star glows turbulently.
The lance of force misses you.
You hit the golden eye.
The golden eye is moderately wounded.
The golden eye blinks at you. You resist with almost no effort.
The golden eye blinks!
The small abomination closely misses you.
You miss the wretched star. The small abomination misses you.
The golden eye blinks at you.
You are more confused.
You hit the small abomination but do no damage.
The small abomination is lightly damaged.
The small abomination completely misses you.
The golden eye blinks at you. You resist with almost no effort.
The golden eye blinks!
You bump into the stone wall.
You hear a grinding noise.
The golden eye blinks at you. You resist with almost no effort.
The small abomination completely misses you.
The golden eye blinks at you. You resist with almost no effort.
You hit the small abomination but do no damage.
The small abomination is lightly damaged.
The wretched star glows turbulently.
The lance of force hits you!
You die...

. ... #
...####..
#.#.#G.##
#..#G...#
#
#@......
.. ...
#x*####.
# #
##§### .#
#.#.# #
#. #..#
#.# #..
#.##.. .
. . #.?
### # #
..# .#*.#
§ #. #. .
#.# # .


You could see a wretched star, a small abomination and 2 golden eyes.

Vanquished Creatures
  A two-headed ogre (D:11)
  A queen ant (D:9)
  A deep elf pyromancer (D:8)
  A cyclops (D:8)
  A gargoyle (D:12)
  A troll (D:11)
  Prince Ribbit (D:6)
  Grinder (D:6)
  A wraith (D:13)
  21 yaks
  A steam dragon (D:8)
  18 soldier ants (D:9)
  A water moccasin (D:5)
  A hornet zombie (D:7)
  An orc warrior (D:11)
  3 sky beasts
  4 ice beasts
  A necrophage (D:5)
  5 ogres
  3 phantoms
  2 kobold brigands
  4 bullfrogs
  A scorpion (D:10)
  8 killer bees
  2 howler monkeys
  2 bullfrog zombies
  4 hounds
  A centaur zombie (D:8)
  3 bullfrog skeletons
  4 centaur skeletons
  An orc priest (D:7)
  3 iguanas
  2 orc wizards
  22 worker ants
  A hound zombie (D:5)
  15 adders
  4 gnolls (D:4)
  2 shadow imps
  3 white imps
  An ufetubus (D:5)
  2 worms
  4 dart slugs
  2 leopard geckos
  25 orcs
  A ball python (D:6)
  3 giant cockroaches
  3 goblins (D:3)
  8 hobgoblins
  11 jackals
  17 kobolds
  3 quokkas
  6 bats
  3 frilled lizards
  A leopard gecko skeleton (D:7)
  A quokka skeleton (D:8)
  2 rats
245 creatures vanquished.

Notes
Turn   | Place    | Note
-------+----------+-------------------------------------------
     0 | D:1      | Gaff the Kobold Brigand began the quest for the Orb.
     0 | D:1      | Reached XP level 1. HP: 12/12 MP: 1/1
   338 | D:1      | Reached XP level 2. HP: 11/18 MP: 2/2
   643 | D:1      | Reached skill level 6 in Stealth
  1310 | D:2      | Reached XP level 3. HP: 22/22 MP: 3/3
  1324 | D:2      | Noticed an ogre
  1540 | D:2      | Found a blossoming altar of Fedhas.
  1542 | D:2      | Found a shadowy altar of Dithmenos.
  1542 | D:2      | Found a hazy altar of Hepliaklqana.
  1739 | D:2      | Reached XP level 4. HP: 22/27 MP: 4/4
  1859 | D:2      | Reached skill level 1 in Armour
  2624 | D:3      | Reached XP level 5. HP: 30/32 MP: 5/5
  2698 | D:3      | You fall into a shaft and drop 2 floors!
  2698 | D:5      | Entered Level 5 of the Dungeon
  2699 | D:5      | Noticed a +0 dagger
  2699 | D:5      | Noticed a +0 hand axe
  2703 | D:5      | Found a hide-covered altar of Uskayaw.
  2739 | D:5      | Became a worshipper of Uskayaw the Reveller
  2750 | D:5      | Noticed a necrophage
  2754 | D:5      | Killed a necrophage
  2754 | D:5      | Reached * piety under Uskayaw
  2755 | D:5      | Reached XP level 6. HP: 37/37 MP: 6/6
  2773 | D:4      | Found Miakuavi's Armour Shop.
  3317 | D:4      | Reached ** piety under Uskayaw
  3318 | D:4      | Reached skill level 5 in Short Blades
  3368 | D:4      | Noticed an ogre
  3423 | D:4      | Found a shimmering blue altar of Sif Muna.
  4048 | D:4      | Reached XP level 7. HP: 41/41 MP: 7/7
  4385 | D:4      | Found a basalt altar of Yredelemnul.
  4798 | D:5      | Found a sacrificial altar of Ru.
  5209 | D:5      | Reached *** piety under Uskayaw
  5223 | D:5      | Noticed a water moccasin
  5227 | D:5      | Killed a water moccasin
  5228 | D:5      | Reached XP level 8. HP: 48/48 MP: 8/8
  5750 | D:6      | Noticed Grinder
  5794 | D:6      | Found a broken altar of Ashenzari.
  5831 | D:6      | Reached **** piety under Uskayaw
  6153 | D:6      | Reached skill level 7 in Stealth
  6300 | D:6      | Reached skill level 5 in Dodging
  6390 | D:6      | Noticed Prince Ribbit
  6776 | D:6      | Killed Prince Ribbit
  6777 | D:6      | Reached skill level 5 in Fighting
  6777 | D:6      | Reached XP level 9. HP: 25/54 MP: 2/9
  7283 | D:6      | Paralysed by Grinder for 3 turns
  7312 | D:6      | Killed Grinder
  7313 | D:6      | Reached skill level 8 in Stealth
  8161 | D:7      | Noticed Menkaure
  8731 | D:8      | Reached skill level 9 in Stealth
  8767 | D:8      | Noticed a cyclops
  8922 | D:8      | Noticed a two-headed ogre
  9013 | D:8      | You fall into a shaft and drop 3 floors!
  9249 | D:12     | HP: 1/55 [yak (13)]
  9488 | D:12     | Noticed a gargoyle
  9509 | D:13     | Noticed endorz's ghost (journeyman TrFi)
  9520 | D:12     | Killed a gargoyle
  9521 | D:12     | Reached skill level 10 in Stealth
  9521 | D:12     | Reached skill level 1 in Evocations
  9631 | D:12     | Reached XP level 10. HP: 29/61 MP: 10/10
  9639 | D:13     | HP: 2/61 [poisoned by a killer bee]
  9645 | D:13     | Noticed a centaur warrior
 10024 | D:12     | HP: 2/61 [yak (8)]
 10862 | D:11     | Reached skill level 11 in Stealth
 11145 | D:11     | Noticed a two-headed ogre
 11153 | D:11     | Killed a two-headed ogre
 11161 | D:11     | Reached skill level 5 in Armour
 11183 | D:11     | Reached XP level 11. HP: 61/68 MP: 11/11
 11223 | D:11     | Reached skill level 10 in Dodging
 11704 | D:11     | Noticed a cyclops
 11840 | D:10     | Entered Level 10 of the Dungeon
 11961 | D:10     | Identified the Guide on Black Arts and Displacement
 12023 | D:10     | Reached skill level 1 in Shields
 12326 | D:10     | Reached skill level 12 in Stealth
 13000 | D:9      | Reached ***** piety under Uskayaw
 13042 | D:9      | Reached ****** piety under Uskayaw
 13254 | D:9      | Noticed a queen ant
 13508 | D:9      | Killed a queen ant
 13596 | D:9      | Reached XP level 12. HP: 75/75 MP: 12/12
 13714 | D:8      | Found an opulent altar of Gozag.
 13839 | D:7      | Found Emmu's Assorted Antiques.
 13897 | D:7      | Found a staircase to the Ecumenical Temple.
 13926 | Temple   | Entered the Ecumenical Temple
 14393 | D:8      | Reached skill level 13 in Stealth
 14735 | D:8      | Cast into level 2 of the Abyss (a wizard)
 14782 | Abyss:2  | Noticed a cacodemon
 14811 | Abyss:2  | Gained mutation: Armour fits poorly on your strangely
                  | shaped body. [a cacodemon]
 14817 | Abyss:2  | Gained mutation: [You occasionally shout uncontrollably at
                  | your foes.] [a cacodemon]
 14841 | Abyss:2  | Noticed a wretched star
 14877 | Abyss:2  | Killed from afar by a wretched star

Illustrated notes

Levels and vault maps discovered:
D:1:      doesnt_arrival_eight_statues, layout_loops_corners, corner_web_ring
D:2:      layout_basic, chequers_temple_overflow_statue_of_worship
D:3:      layout_basic
D:4:      layout_loops_ring, kennysheep_mini_moat, serial_glass,
          glass_columns_a, glass_columns_b, serial_shops, nicolae_shop_trees,
          lemuel_blue_sif_altar
D:5:      layout_loops_ring, nicolae_overflow_crystal_walls,
          dancing_weapons_uskayaw
D:6:      layout_cave_pods, palyth_stone_intersect, minmay_stone_trees_small,
          ashenzari_altar_1, uniq_prince_ribbit1, uniq_grinder
D:7:      nzn_winding_woodlands_medium [nzn_winding_woodlands_5x5_checkerboard,
          nzn_winding_woodlands_5x15_sawtooth,
          nzn_winding_woodlands_5x5_closed_star,
          nzn_winding_woodlands_5x5_default,
          nzn_winding_woodlands_center_pierced_h,
          nzn_winding_woodlands_5x5_perimeter, nzn_winding_woodlands_hourglass,
          nzn_winding_woodlands_5x15_default, nzn_winding_woodlands_5x5_cross],
          layout_loops_corners, minmay_temple_entry_arrows, serial_shops,
          nicolae_shop_waterfront, grunt_decor_junction, uniq_menkaure
D:8:      lemuel_insect_pit, layout_loops_ring,
          pdpol_temple_overflow_zin_treasury_gozag_greed, minmay_the_grid_2x2
          [minmay_the_grid_minigrid_large, minmay_the_grid_minigrid_small,
          minmay_the_grid_all_tris,
          minmay_the_grid_prize_four_corners_diamond_b]
D:9:      layout_loops_ring, lair_entry_dummy, zombieorc1_lemuel,
          eino_small_chamber_without_monster, minivault_29
D:10:     layout_stronghold
D:11:     layout_gridville
D:12:     layout_roguey
D:13:     minmay_curly_fans, layout_irregular_city,
          hellmonk_ghost_happy_afterlife, minivault_15
Temple:   jpeg_temple_clearing
Abyss:2:  base:
D:4

Skill      XL: |  1  2  3  4  5  6  7  8  9 10 11 12 |
---------------+-------------------------------------+-----
Stealth        | 6 7 10 11 12 13 | 13.1
Short Blades   | 3 4 6 8 9 |  9.3
Armour         | 1 2 3 5 |  5.4
Dodging        | 2 3 4 5 7 9 11 | 11.4
Fighting       | 3 4 5 6 7 8 |  8.7
Evocations     | 1 |  1.1
Shields        | 3 4 |  4.5
Throwing       | |  2.6

Action                   |  1- 3 |  4- 6 |  7- 9 | 10-12 || total
-------------------------+-------+-------+-------+-------++-------
Melee: Dagger            |    66 |   165 |   481 |  1052 ||  1764
Throw: Dart              |       |       |       |     5 ||     5
Invok: Stomp             |       |     3 |    10 |     5 ||    18
       Line Pass         |       |       |     2 |     5 ||     7
Evoke: Wand              |       |       |     3 |       ||     3
  Use: Potion            |       |       |     4 |     6 ||    10
       Scroll            |       |       |     4 |     2 ||     6
 Stab: Sleeping          |    10 |    17 |    27 |    15 ||    69
       Paralysed         |       |       |     3 |    13 ||    16
       Distracted        |       |       |     1 |     4 ||     5
       Confused          |       |       |       |     2 ||     2
Armor: Leather armour    |    18 |    26 |    64 |    83 ||   191
       Skin              |       |       |       |     6 ||     6
       Steam dragon scal |       |       |       |     5 ||     5
Dodge: Dodged            |    41 |    89 |   301 |   579 ||  1010
Block: Buckler           |       |       |       |   235 ||   235
       Reflection        |       |       |       |     1 ||     1

Table legend: (Time is in decaauts)
 A = Elapsed time spent in this place.
 B = Non-inter-level travel time spent in this place.
 C = Inter-level travel time spent in this place.
 D = Time resting spent in this place.
 E = Time spent auto-exploring this place.
 F = Levels seen in this place.
 G = Mean time per level.
                   A        B        C        D        E       F      G
               +--------+--------+--------+--------+--------+-----+--------+
         Total |  14220 |  13944 |    276 |   5046 |   4906 |  15 |  948.0 |
       Dungeon |  13979 |  13703 |    276 |   5046 |   4813 |  13 | 1075.3 |
        Temple |    113 |    113 |      0 |      0 |     93 |   1 |  113.0 |
         Abyss |    127 |    127 |      0 |      0 |      0 |   1 |  127.0 |
               +--------+--------+--------+--------+--------+-----+--------+

Top non-repeatable levels by time:
     D:6: 2042 daAuts
     D:7: 1531 daAuts
     D:1: 1350 daAuts
    D:12: 1342 daAuts
     D:4: 1336 daAuts
     D:3: 1188 daAuts
    D:11: 1002 daAuts
    D:10: 995 daAuts
     D:2: 784 daAuts
     D:8: 759 daAuts
     D:5: 702 daAuts
     D:9: 624 daAuts
    D:13: 317 daAuts
 Abyss:2: 127 daAuts
  Temple: 113 daAuts
